 Dungeon Crawl Stone Soup version 0.29-a0-923-g6e406bff71 (webtiles) character file.

Game seed: 16090479621335045551

1291 ptdevnull the Gusty (level 8, 0/46 HPs)
             Began as a Tengu Air Elementalist on July 27, 2022.
             Slain by a killer bee (4 damage)
             ... on level 6 of the Dungeon.
             The game lasted 00:10:27 (6271 turns).

ptdevnull the Gusty (Tengu Air Elementalist)        Turns: 6271, Time: 00:10:28

Health: 0/46       AC:  2    Str:  9    XL:     8   Next: 55%
Magic:  5/12       EV: 17    Int: 18    God:
Gold:   337        SH:  0    Dex: 20    Spells: 2/12 levels left

rFire   . . .      SeeInvis .   a - staff of air
rCold   . . .      Faith    .   (no shield)
rNeg    . . .      Spirit   .   h - +0 robe
rPois   .          Reflect  .   (helmet restricted)
rElec   +          Harm     .   (no cloak)
rCorr   .          Rampage  .   (no gloves)
Will    .....                   (boots unavailable)
Stlth   ++........              u - amulet of magic regeneration
HPRegen 0.15/turn               x - +6 ring of dexterity
MPRegen 0.53/turn               (no ring)

@: lethally poisoned (0 -> -8), flying quickly and evasively, quick
A: beak, talons 3, nimble flight
a: no special abilities


You were on level 6 of the Dungeon.
You visited 1 branch of the dungeon, and saw 6 of its levels.

You collected 337 gold pieces.

Inventory:

Hand Weapons
 b - a +2 dagger of venom
 c - a +0 trident
 l - a +0 spear
 s - a +0 quarterstaff
Armour
 h - a +0 robe (worn)
Magical Staves
 a - a staff of air (weapon)
Jewellery
 i - a ring of fire
 u - an amulet of magic regeneration (around neck)
 x - a +6 ring of dexterity (left hand)
Wands
 j - a wand of flame (14)
 t - a wand of acid (24)
 A - a wand of polymorph (6)
Scrolls
 f - 8 scrolls of identify
 g - a scroll of vulnerability {unknown}
 n - 2 scrolls of poison {unknown}
 p - a scroll of blinking {unknown}
 v - a scroll of fog {unknown}
 y - a scroll of noise {unknown}
 z - a scroll of brand weapon {unknown}
Potions
 d - 3 potions of haste
 e - a potion of magic
 k - 2 potions of berserk rage {unknown}
 m - a potion of curing
 o - 2 potions of flight {unknown}
 q - a potion of brilliance {unknown}
 r - 2 potions of mutation {unknown}
 w - a potion of invisibility {unknown}


   Skills:
 + Level 3.4 Fighting
 - Level 5.0 Staves
 - Level 4.0 Dodging
 - Level 2.0 Stealth
 + Level 2.6 Spellcasting
 * Level 6.1 Conjurations
 * Level 7.0 Air Magic
 - Level 3.0 Evocations


You had 2 spell levels left.
You knew the following spells:

 Your Spells              Type           Power      Damage    Failure   Level
a - Shock                 Conj/Air       100%       1d9       1%          1
b - Static Discharge      Conj/Air       39%        3-8/arc   1%          2
c - Swiftness             Air            41%        N/A       3%          3
d - Airstrike             Air            20%        0-7+      10%         4

Your spell library contained the following spells:

 Spells                   Type           Power      Damage    Failure   Level


Dungeon Overview and Level Annotations

Branches:
Dungeon (6/15)
 Temple: D:4-7

Altars:
Gozag

Shops:
D:1 (

Annotations:
D:4 2 transporters, bande's ghost, amateur GrFi


Innate Abilities, Weirdness & Mutations

You have a beak for a mouth.
You have claws for feet.
Your magical nature lets you fly swiftly and evasively.


Message History

The orc wizard is lightly wounded.
The zap hits the orc but does no damage.
* * * LOW HITPOINT WARNING * * *
You feel very sick. The killer bee misses you.
The killer bee closely misses you.
Casting: Shock (safe; 1% risk of failure)
Confirm with . or Enter, or press ? or * to list all spells.
Aiming: Shock (safe; 1% risk of failure)
Press: ? - help, Shift-Dir - straight line, f/p - orc
Aim: an orc, wielding a +0 dagger and wearing a +0 chain mail (81% to hit)
You feel a surge of power!
The zap hits the killer bee.
The killer bee is severely wounded.
The zap hits the orc wizard!
The orc wizard is heavily wounded.
The zap hits the orc!
You kill the orc!
You feel sick. The killer bee stings you.
* * * LOW HITPOINT WARNING * * *
You are more poisoned.
The killer bee poisons you!
The orc wizard gestures wildly while chanting.
The orc wizard flickers and vanishes!
Deactivating autopickup; reactivate with Ctrl-A.
The killer bee misses you.
You feel better. The killer bee stings you.
* * * LOW HITPOINT WARNING * * *
You are lethally poisoned!
The killer bee poisons you! The killer bee barely misses you.
Unknown command.
Casting: Shock (safe; 1% risk of failure)
Confirm with . or Enter, or press ? or * to list all spells.
Aiming: Shock (safe; 1% risk of failure)
Press: ? - help, Shift-Dir - straight line, f - killer bee
Aim: a killer bee (severely wounded, 48% to hit)
You feel a surge of power!
The zap hits the killer bee.
The killer bee is almost dead.
* * * LOW HITPOINT WARNING * * *
You feel very sick. The killer bee stings you.
You die...

#...##.....##
..........##
..........#
..........#
.........## ######
.........# ###......
.....#..## ###........
...##...####..........
.........#@...........
..######.))y.).....)..
#...............
##$.............
#......)......#
##...........##
##..../.....#
##..$..<).##
##.......#


You could see a killer bee.

Vanquished Creatures
  Sigmund (D:6)
  A water moccasin (D:6)
  A phantom (D:5)
  2 bullfrogs
  3 scorpions
  4 wights (D:6)
  2 killer bees (D:6)
  A hound (D:5)
  3 jellies
  An orc priest (D:6)
  2 iguanas (D:4)
  Robin (D:3)
  5 adders
  A white imp (D:6)
  An ufetubus (D:6)
  2 worms
  3 dart slugs (D:1)
  9 orcs
  8 bats
  11 endoplasms
  3 giant cockroaches
  6 goblins
  6 hobgoblins
  5 kobolds
  4 quokkas
  4 ball pythons
  3 frilled lizards
  5 rats
98 creatures vanquished.

Notes
Turn   | Place    | Note
-------+----------+-------------------------------------------
     0 | D:1      | ptdevnull the Tengu Air Elementalist began the quest for
                  | the Orb.
     0 | D:1      | Reached XP level 1. HP: 10/10 MP: 4/4
   272 | D:1      | Reached XP level 2. HP: 15/15 MP: 4/6
   596 | D:1      | Reached XP level 3. HP: 18/19 MP: 0/7
   857 | D:1      | Found Hialib's Antique Weapon Emporium.
   907 | D:1      | Learned a level 2 spell: Static Discharge
   911 | D:1      | Learned a level 3 spell: Swiftness
  1139 | D:1      | Reached skill level 5 in Air Magic
  1404 | D:2      | Found an opulent altar of Gozag.
  1404 | D:2      | You fall into a shaft and drop 2 floors!
  1415 | D:4      | Noticed a scorpion
  1851 | D:3      | Reached XP level 4. HP: 24/24 MP: 5/8
  1903 | D:3      | Noticed Robin
  1912 | D:3      | Killed Robin
  2316 | D:3      | Found a faded altar of an unknown god.
  2979 | D:4      | Gained mutation: Your magical nature lets you fly swiftly
                  | and evasively. [Tengu growth]
  2979 | D:4      | Reached XP level 5. HP: 28/28 MP: 4/9
  3154 | D:4      | Reached skill level 6 in Air Magic
  3201 | D:4      | Reached skill level 5 in Conjurations
  3201 | D:4      | Reached skill level 1 in Fighting
  3464 | D:4      | Found a transporter.
  3472 | D:4      | Noticed bande's ghost (amateur GrFi)
  3718 | D:4      | Reached XP level 6. HP: 35/35 MP: 6/10
  3846 | D:4      | Found a transporter.
  3871 | D:5      | Entered Level 5 of the Dungeon
  3912 | D:5      | Reached skill level 1 in Staves
  3912 | D:5      | Reached XP level 7. HP: 40/41 MP: 6/11
  4981 | D:5      | Reached skill level 1 in Evocations
  5493 | D:6      | Noticed Sigmund
  5501 | D:6      | Learned a level 4 spell: Airstrike
  5505 | D:6      | Killed Sigmund
  5732 | D:6      | Reached skill level 5 in Staves
  5732 | D:6      | Reached XP level 8. HP: 4/46 MP: 4/12
  6268 | D:6      | Reached skill level 7 in Air Magic
  6271 | D:6      | Slain by a killer bee

Illustrated notes

Levels and vault maps discovered:
D:1:      lightli_arrival_maybe_door_vault, layout_loops_ring, serial_shops,
          shop_fountains, minmay_cut_off
D:2:      layout_basic, basic_altar
D:3:      layout_basic, basic_ecumenical_altar, uniq_robin
D:4:      layout_basic, gammafunk_ghost_mausoleum
D:5:      layout_rooms
D:6:      layout_cave_pods, gammafunk_temple_overflow_elements,
          ebering_ghost_disaster_area, minmay_misc_feat_four_crosses,
          serial_bayou_crossing, uniq_blork_the_orc, uniq_sigmund, uniq_maggie

Skill      XL: |  1  2  3  4  5  6  7  8 |
---------------+-------------------------+-----
Conjurations   | 2 3 4 5 6 |  6.1
Air Magic      | 5 6 7 |  7.0
Fighting       | 2 3 |  3.4
Dodging        | 3 4 |  4.0
Staves         | 1 5 |  5.0
Evocations     | 3 |  3.0
Stealth        | |  2.0
Spellcasting   | |  2.6

Action                   |  1- 3 |  4- 6 |  7- 9 || total
-------------------------+-------+-------+-------++-------
Melee: Spear             |    12 |       |       ||    12
       Kick              |     3 |     1 |       ||     4
       Peck              |     1 |     1 |       ||     2
       Staff             |     6 |       |     1 ||     7
       Dagger            |       |     3 |       ||     3
 Cast: Shock             |    74 |    78 |    98 ||   250
       Static Discharge  |       |       |     3 ||     3
       Airstrike         |       |       |     2 ||     2
Evoke: Wand              |       |       |     2 ||     2
  Use: Potion            |       |     1 |     2 ||     3
       Scroll            |       |       |     1 ||     1
Armor: Robe              |     4 |     1 |     4 ||     9
Dodge: Dodged            |    14 |     8 |    36 ||    58

Table legend: (Time is in decaauts)
 A = Elapsed time spent in this place.
 B = Non-inter-level travel time spent in this place.
 C = Inter-level travel time spent in this place.
 D = Time resting spent in this place.
 E = Time spent auto-exploring this place.
 F = Levels seen in this place.
 G = Mean time per level.
                   A        B        C        D        E       F      G
               +--------+--------+--------+--------+--------+-----+--------+
         Total |   6061 |   5822 |    239 |    497 |   4759 |   6 | 1010.2 |
       Dungeon |   6061 |   5822 |    239 |    497 |   4759 |   6 | 1010.2 |
               +--------+--------+--------+--------+--------+-----+--------+

Top non-repeatable levels by time:
     D:3: 1398 daAuts
     D:1: 1344 daAuts
     D:4: 1110 daAuts
     D:2: 910 daAuts
     D:6: 848 daAuts
     D:5: 448 daAuts
